 Dungeon Crawl Stone Soup version 0.32-a0-540-g866d13106e (webtiles) character file.

Game seed: 7571993583784662048

91 retardedninja the Trooper (level 4, -2/35 (40) HPs)
             Began as a Mountain Dwarf Fighter on Feb 28, 2024.
             Slain by a wight
             ... wielding a +4 dire flail of freezing
              (3 damage)
             ... on level 6 of the Dungeon.
             The game lasted 00:03:03 (2081 turns).

retardedninja the Trooper (Mountain Dwarf Fighter)  Turns: 2081, Time: 00:03:04

HP:   -2/35 (40)    AC: 13    Str: 20    XL:     4   Next: 34%
MP:   4/4           EV:  7    Int:  9    God:
Gold: 95            SH:  4    Dex:  9    Spells: 3/3 levels left

rFire   . . .        a - +0 war axe
rCold   . . .        c - +0 buckler
rNeg    . . .        l - +0 chain mail
rPois   .            (no helmet)
rElec   .            (no cloak)
rCorr   .            (no gloves)
SInv    .            (no boots)
Will    .....        (no amulet) Stlth
                     h - +4 ring of protection
HPRegen 0.25/turn    (no ring)
MPRegen 0.09/turn

%: no passive effects
@: about to teleport, heavily drained
A: runic magic, artefact enchanting
a: no special abilities


You were on level 6 of the Dungeon.
You visited 1 branch of the dungeon, and saw 4 of its levels.

You collected 95 gold pieces.

Inventory:

Hand Weapons
 a - a +0 war axe (weapon)
Armour
 c - a +0 buckler (worn)
 l - a +0 chain mail (worn)
Jewellery
 b - the Hermit's Pendant {Faith Invo=14 Evo=0 MP+5}
   (You found it on level 2 of the Dungeon)

   [amulet of faith]

   Invo=14: It sets your Invocations skill to 14.
   Evo=0: It sets your Evocations skill to 0.
   Faith:     It allows you to gain divine favour quickly.
   MP+5:      It affects your magic capacity (+5).
 h - a +4 ring of protection (left hand)
Scrolls
 e - 2 scrolls of noise {unknown}
 f - a scroll of fog {unknown}
 i - a scroll of fear {unknown}
 k - a scroll of summoning {unknown}
 p - 2 scrolls of identify {unknown}
 q - 2 scrolls of immolation {unknown}
Potions
 d - 2 potions of might
 g - a potion of cancellation {unknown}
 m - 2 potions of curing {unknown}
 n - a potion of mutation {unknown}
 o - a potion of degeneration {unknown}


   Skills:
 * Level 4.1 Fighting
 * Level 3.7 Axes
 + Level 4.0 Armour
 + Level 3.8 Shields


You had 3 spell levels left.
You didn't know any spells.
Your spell library contained the following spells:

 Spells                   Type           Power      Damage    Failure   Level
 Shock                    Conj/Air       0%         1d3       63%         1
 Frozen Ramparts          Ice            0%         1d1       94%         3
 Swiftness                Air            0%         N/A       94%         3
 Airstrike                Air            0%         2d(0-16)  100%        4
 Leda's Liquefaction      Alch/Erth      0%         N/A       100%        4
 Petrify                  Alch/Erth      0%         N/A       100%        4
 Metabolic Englaciation   Hex/Ice        0%         N/A       100%        5


Dungeon Overview and Level Annotations

Branches:
Dungeon (3/15)

Altars:
Ashenzari


Innate Abilities, Weirdness & Mutations

Your spellcasting is much less encumbered by armour.
You can use scrolls of enchantment on lesser artefacts.


Message History

The shadow imp is severely wounded.
The shadow imp barely misses you. The shadow imp hits you.
You slash the shadow imp!
You kill the shadow imp!
Your Armour skill increases to level 4!
Found a scroll labelled COEHAA EFUXARA.
You open the door.
HP restored. 2 wights come into view.
A wight is wielding a +4 dire flail of freezing.
There is an open door here.
You close the door.
A wight breaks down the door.
Found a scroll labelled COEHAA EFUXARA.
Unknown command.
You see here a scroll labelled COEHAA EFUXARA.
p - 2 scrolls labelled COEHAA EFUXARA (gained 1)
The wight hits you with a +4 dire flail of freezing.
You feel drained. The wight freezes you. The wight attacks as it pursues you!
The wight closely misses you.
The wight hits you with a +0 dire flail.
The wight attacks as it pursues you! You block the wight's attack.
The wight attacks as it pursues you! The wight closely misses you.
The wight hits you but does no damage. The wight attacks as it pursues you!
The wight hits you with a +4 dire flail of freezing.
You feel drained. The wight freezes you.
You open the door.
The wight hits you with a +4 dire flail of freezing.
You feel drained. The wight freezes you.
The wight hits you with a +0 dire flail!
* * * LOW HITPOINT WARNING * * *
You feel drained.
* * * LOW HITPOINT WARNING * * *
As you read the scroll of teleportation, it crumbles to dust.
You feel strangely unstable.
The wight hits you with a +4 dire flail of freezing.
* * * LOW HITPOINT WARNING * * *
The wight freezes you.
You die...

...#..##........
.zz#............
...#..##.....##.
.?.#..##.....#
...# #.....#####
...# #.....##..#
### ...#
#.........# ...#
#.......z.#....#
#.......z@'....+
#.....######...#
#.....##..## ##
#..........#
#..........#
#..........#
#..........#
############


You could see 2 wights.

Vanquished Creatures
  A gnoll (D:1)
  2 adders (D:2)
  A shadow imp (D:6)
  2 dart slugs (D:1)
  2 ball pythons
  2 endoplasms
  A giant cockroach (D:1)
  6 goblins
  5 hobgoblins
  6 jackals (D:1)
  3 kobolds
  4 quokkas (D:1)
  4 bats
  2 frilled lizards
  6 rats
47 creatures vanquished.

Notes
Turn   | Place    | Note
-------+----------+-------------------------------------------
     0 | D:1      | retardedninja the Mountain Dwarf Fighter began the quest
                  | for the Orb.
     0 | D:1      | Reached XP level 1. HP: 19/19 MP: 1/1
    70 | D:1      | Reached XP level 2. HP: 19/26 MP: 2/2
   451 | D:1      | Reached XP level 3. HP: 30/33 MP: 3/3
  1269 | D:2      | Found a broken altar of Ashenzari.
  1269 | D:2      | Found the Hermit's Pendant {Faith Invo=14 Evo=0 MP+5}
  1715 | D:2      | Reached XP level 4. HP: 40/40 MP: 4/4
  2000 | D:3      | You fall into a shaft and drop 3 floors!
  2081 | D:6      | HP: 1/35 [wight/+4 dire flail of freezing (5)]
  2081 | D:6      | Slain by a wight

Illustrated notes

Levels and vault maps discovered:
D:1:      zaba_arrival_water, layout_basic
D:2:      layout_loops_ring, basic_altar
D:3:      layout_basic
D:6:      layout_gridville, bh_walls_and_bars

Skill      XL: |  1  2  3  4 |
---------------+-------------+-----
Axes           | 3 |  3.7
Fighting       | 4 |  4.1
Armour         | 4 |  4.0
Shields        | |  3.8

Action                     |  1- 3 |  4- 6 || total
---------------------------+-------+-------++-------
  Melee: War axe           |   133 |    13 ||   146
    Use: Scroll            |       |     2 ||     2
 Armour: Scale mail        |    73 |       ||    73
         Chain mail        |    35 |    21 ||    56
  Dodge: Dodged            |    70 |     4 ||    74
  Block: Buckler           |    32 |     2 ||    34

Table legend: (Time is in decaauts)
 A = Elapsed time spent in this place.
 B = Non-inter-level travel time spent in this place.
 C = Inter-level travel time spent in this place.
 D = Time resting spent in this place.
 E = Time spent auto-exploring this place.
 F = Levels seen in this place.
 G = Mean time per level.
                   A        B        C        D        E       F      G
               +--------+--------+--------+--------+--------+-----+--------+
         Total |   2140 |   1997 |    143 |      0 |   1567 |   4 |  535.0 |
       Dungeon |   2140 |   1997 |    143 |      0 |   1567 |   4 |  535.0 |
               +--------+--------+--------+--------+--------+-----+--------+

Top non-repeatable levels by time:
     D:1: 1286 daAuts
     D:2: 611 daAuts
     D:3: 160 daAuts
     D:6: 82 daAuts
